 Dungeon Crawl Stone Soup version 0.22-a0-75-g1fede22 (webtiles) character file.

78 KristoblXynda the Ducker (level 4, -1/33 HPs)
             Began as a Demonspawn Gladiator on Jan 12, 2018.
             Slain by a gnoll
             ... wielding a +0 flail
              (10 damage)
             ... on level 1 of the Dungeon.
             The game lasted 00:02:35 (1665 turns).

KristoblXynda the Ducker (Demonspawn Gladiator)     Turns: 1665, Time: 00:02:35

Health: -1/33      AC:  6    Str: 14    XL:     4   Next: 15%
Magic:  4/4        EV: 13    Int: 10    God:
Gold:   52         SH:  0    Dex: 15    Spells: 3/3 levels left

rFire    . . .     SeeInvis .   a - +0 long sword
rCold    . . .     Gourm    .   (no shield)
rNeg     . . .     Faith    .   b - +0 leather armour
rPois    .         Spirit   .   c - +0 helmet
rElec    .         Reflect  .   (no cloak)
rCorr    .         Harm     .   (no gloves)
MR       .....                  (no boots)
Stlth    +.........             (no amulet)
HPRegen  0.11/turn              (no ring)
MPRegen  0.09/turn              (no ring)

@: no status effects
A: icy blue scales 1
a: no special abilities


You were on level 1 of the Dungeon.
You were not hungry.

You visited 1 branch of the dungeon, and saw 2 of its levels.

You collected 52 gold pieces.

Inventory:

Hand Weapons
 a - a +0 long sword (weapon)
Missiles
 d - 3 throwing nets (quivered)
Armour
 b - a +0 leather armour (worn)
 c - a +0 helmet (worn)
 g - a +0 shield
Scrolls
 h - a scroll of remove curse {unknown}
 i - 3 scrolls of enchant weapon {unknown}
 j - 3 scrolls of identify {unknown}
 k - 4 scrolls of teleportation {unknown}
 o - a scroll of magic mapping {unknown}
Potions
 e - a potion of curing {unknown}
 l - a potion of agility {unknown}
 m - a potion of lignification {unknown}
Comestibles
 f - 5 rations
 n - 2 chunks of flesh


   Skills:
 - Level 2.0 Fighting
 + Level 3.4 Long Blades
 - Level 2.1 Throwing
 + Level 1.4 Armour
 + Level 3.4 Dodging


You had 3 spell levels left.
You didn't know any spells.

Dungeon Overview and Level Annotations

Branches:
Dungeon (2/15)

Altars:


Innate Abilities, Weirdness & Mutations

You are partially covered in icy blue scales. (AC +2)


Message History

You slash the gnoll!
The gnoll is heavily wounded.
The gnoll drinks a potion.
The gnoll flickers and vanishes!
Deactivating autopickup; reactivate with Ctrl-A.
The gnoll completely misses you. Something hits you.
You hit something but do no damage. Something hits you.
You hit something. The gnoll closely misses you.
Something hits you but does no damage.
The gnoll hits you from afar with a spear.
You hit something but do no damage. Something hits you.
The gnoll closely misses you. The gnoll misses you.
There is a stone staircase leading up here.
Something barely misses you.
You climb upwards.
There is a stone staircase leading down here.
You miss something. Something hits you.
* * * LOW HITPOINT WARNING * * *
You hit something. Something hits you!
You die...

.#.#........#..#.# #.#####
.#.#.########..#.##########......
.#.#.# #..#.##..............
.#.#.# #....##..............
.#.#.# #.#..##..............
.#.#.# #.....'..............
.#.#.##########..##..............
.#.#..............#..............
##.########.....@................
..................#########......
..................# #######
......#####.......#####
......+...'.......'...#
......#####.......###.#
......#####.......# #.#
..........#.......# #.#
##..#####.........# #.# #####


There were no monsters in sight!

Vanquished Creatures
  3 adders (D:2)
  2 dart slugs
  A leopard gecko (D:1)
  A giant cockroach (D:2)
  5 goblins
  7 hobgoblins
  6 jackals (D:2)
  2 ball pythons (D:1)
  2 bats
  3 frilled lizards
  6 kobolds
  7 rats
45 creatures vanquished.

Notes
Turn   | Place    | Note
-------+----------+-------------------------------------------
     0 | D:1      | KristoblXynda the Demonspawn Gladiator began the quest for the Orb.
     0 | D:1      | Reached XP level 1. HP: 16/16 MP: 1/1
   222 | D:1      | Gained mutation: You are partially covered in icy blue scales. (AC +2) [demonic ancestry]
   222 | D:1      | Reached XP level 2. HP: 22/22 MP: 2/2
   990 | D:2      | Reached XP level 3. HP: 24/27 MP: 3/3
  1303 | D:2      | Reached skill level 1 in Armour
  1480 | D:2      | Reached XP level 4. HP: 33/33 MP: 4/4
  1665 | D:1      | Slain by a gnoll

Vault maps used:
D:1:      nicolae_arrival_washed_ashore
D:2:      lemuel_coloured_pillars_altar, old_standard_altar, first_ration,
          uniq_crazy_yiuf_cottage

Skill      XL: |  1  2  3 |
---------------+----------+-----
Throwing       | 2 |  2.1
Dodging        | 3 |  3.4
Long Blades    | 3 |  3.4
Armour         | 1 |  1.4
Fighting       | |  2.0

Action                   |  1- 3 |  4- 6 || total
-------------------------+-------+-------++-------
Melee: Long sword        |    86 |    46 ||   132
 Stab: Sleeping          |     1 |       ||     1
  Eat: Chunk             |     2 |     1 ||     3
Armor: Leather armour    |    27 |    14 ||    41
Dodge: Dodged            |    71 |    53 ||   124
       Rpst.: Long sword |    21 |    12 ||    33

Table legend:
 A = Spawn XP
 B = Non-spawn XP
 C = Spawn XP percentage of total XP
 D = Spawn monster count
 E = Non-spawn monster count
 F = Spawn count percentage of total count
 G = Total turns spent on level
                    A         B        C        D         E        F      G
               +---------+---------+-------+---------+---------+-------+---------
         Total |       0 |     112 |   0.0 |       0 |      45 |   0.0 |  1665
               +---------+---------+-------+---------+---------+-------+---------
           D:1 |       0 |      35 |   0.0 |       0 |      21 |   0.0 |   954
           D:2 |       0 |      77 |   0.0 |       0 |      24 |   0.0 |   711
               +---------+---------+-------+---------+---------+-------+---------
